| TOP OF THE 1ST |
|
South Bend Cubs batting - Pitching for Wisconsin Timber Rattlers : LHP Brian Rich
|
|
Pitching: LHP Brian Rich
|
|
|
Batting: RHB Rich Thurman
|
0-0: Called Strike 0-1: Ball 1-1: Ball 2-1: Ball 3-1: SINGLE (Groundball, 25, EV 68.1 MPH) (infield hit)
|
|
Batting: RHB Puluke Konane
|
0-0: Ball Rich Thurman steals 2nd base 1-0: Ground out 6-3 (Groundball, 6, EV 106.9 MPH)
|
|
Batting: RHB Mike Savage
|
0-0: Foul Ball, location: 2F 0-1: Ground out 6-3 (Groundball, 6S, EV 87.5 MPH) Rich Thurman to third
|
|
Batting: RHB Leonardo Nava
|
0-0: Ball 1-0: Ground out U3 (Groundball, 34S, EV 91.2 MPH)
|
| Top of the 1st over - 0 runs, 1 hit, 0 errors, 1 left on base; South Bend 0 - Wisconsin 0 |
| BOTTOM OF THE 1ST |
|
Wisconsin Timber Rattlers batting - Pitching for South Bend Cubs : RHP Jose Marrero
|
|
Pitching: RHP Jose Marrero
|
|
|
Batting: SHB Sam Bingham
|
0-0: Swinging Strike 0-1: Ball 1-1: Ball 2-1: Foul Ball, location: 2F 2-2: Foul Ball, location: 2F 2-2: Ball 3-2: Strikes out swinging
|
|
Batting: RHB Chris Fruit
|
0-0: Ground out 6-3 (Groundball, 6D, EV 101.2 MPH)
|
|
Batting: RHB Nick Garland
|
0-0: SINGLE (Groundball, 6MD, EV 98.1 MPH)
|
|
Batting: RHB Josh Nelson
|
0-0: Ball 1-0: Ball 2-0: Ground out 6-3 (Groundball, 6S, EV 80.6 MPH)
|
| Bottom of the 1st over - 0 runs, 1 hit, 0 errors, 1 left on base; South Bend 0 - Wisconsin 0 |
| TOP OF THE 2ND |
|
South Bend Cubs batting - Pitching for Wisconsin Timber Rattlers : LHP Brian Rich
|
|
Batting: LHB Kwang-chih Men
|
0-0: Fly out, F8 (Flyball, 78M, EV 81.9 MPH)
|
|
Batting: RHB Armando Vilano
|
0-0: Called Strike 0-1: Foul Ball, location: 2F 0-2: Ball 1-2: Strikes out swinging
|
|
Batting: RHB Jonathan Sotelo
|
0-0: Ball 1-0: Ball 2-0: Foul Ball, location: 2F 2-1: Foul Ball, location: 2F 2-2: Strikes out swinging
|
| Top of the 2nd over - 0 runs, 0 hits, 0 errors, 0 left on base; South Bend 0 - Wisconsin 0 |
| BOTTOM OF THE 2ND |
|
Wisconsin Timber Rattlers batting - Pitching for South Bend Cubs : RHP Jose Marrero
|
|
Batting: LHB Paul Collins
|
0-0: Called Strike 0-1: Ground out 4-3 (Groundball, 4, EV 90.6 MPH)
|
|
Batting: RHB Ben Taylor
|
0-0: Called Strike 0-1: Foul Ball, location: 2F 0-2: Foul Ball, location: 2F 0-2: Foul Ball, location: 2F 0-2: Ground out 6-3 (Groundball, 6, EV 86.2 MPH)
|
|
Batting: SHB Craig Wright
|
0-0: Ball 1-0: Ball 2-0: Foul Ball, location: 2F 2-1: Ground out U3 (Groundball, 3, EV 86.2 MPH)
|
| Bottom of the 2nd over - 0 runs, 0 hits, 0 errors, 0 left on base; South Bend 0 - Wisconsin 0 |
| TOP OF THE 3RD |
|
South Bend Cubs batting - Pitching for Wisconsin Timber Rattlers : LHP Brian Rich
|
|
Batting: LHB Mark Huey
|
0-0: Foul Ball, location: 2F 0-1: Ball 1-1: Swinging Strike 1-2: Foul Ball, location: 2F 1-2: Foul Ball, location: 2F 1-2: Foul Ball, location: 2F 1-2: Strikes out looking
|
|
Batting: RHB Denis Rachin
|
0-0: Ball 1-0: Ball 2-0: Ball 3-0: Base on Balls
|
|
Batting: RHB Rich Thurman
|
0-0: Ground out 6-3 (Groundball, 6M, EV 86.2 MPH) Denis Rachin to second
|
|
Batting: RHB Puluke Konane
|
0-0: Ball 1-0: Called Strike 1-1: Ball 2-1: Ground out 6-3 (Groundball, 56, EV 89.4 MPH)
|
| Top of the 3rd over - 0 runs, 0 hits, 0 errors, 1 left on base; South Bend 0 - Wisconsin 0 |
| BOTTOM OF THE 3RD |
|
Wisconsin Timber Rattlers batting - Pitching for South Bend Cubs : RHP Jose Marrero
|
|
Batting: SHB Jerry Duffy
|
0-0: Ball 1-0: Ball 2-0: Foul Ball, location: 2F 2-1: Ball 3-1: Ground out 4-3 (Groundball, 34D, EV 96.9 MPH)
|
|
Batting: SHB Ramon Perez
|
0-0: Ball 1-0: Swinging Strike 1-1: Foul Ball, location: 2F 1-2: Strikes out swinging
|
|
Pitching: RHP Miles Edwards
|
|
|
Batting: SHB Sam Bingham
|
0-0: Ball 1-0: Called Strike 1-1: Foul Ball, location: 2F 1-2: Foul Ball, location: 2F 1-2: Foul Ball, location: 2F 1-2: Foul Ball, location: 2F 1-2: Ball 2-2: Foul Ball, location: 2F 2-2: Strikes out looking
|
| Bottom of the 3rd over - 0 runs, 0 hits, 0 errors, 0 left on base; South Bend 0 - Wisconsin 0 |
| TOP OF THE 4TH |
|
South Bend Cubs batting - Pitching for Wisconsin Timber Rattlers : LHP Brian Rich
|
|
Batting: RHB Mike Savage
|
0-0: Ball 1-0: SINGLE (Groundball, 4MD, EV 99.4 MPH)
|
|
Batting: RHB Leonardo Nava
|
0-0: Foul Ball, location: 2F 0-1: Swinging Strike 0-2: Strikes out swinging
|
|
Batting: LHB Kwang-chih Men
|
0-0: Ball Mike Savage steals 2nd base 1-0: Ball 2-0: Ball 3-0: Called Strike 3-1: Swinging Strike 3-2: Foul Ball, location: 2F 3-2: Ground out 4-3 (Groundball, 4, EV 93.8 MPH) Mike Savage to third
|
|
Batting: RHB Armando Vilano
|
0-0: Ball 1-0: Called Strike 1-1: Ball 2-1: Ball 3-1: Swinging Strike 3-2: Foul Ball, location: 2F 3-2: Foul Ball, location: 2F 3-2: Foul Ball, location: 2F 3-2: Foul Ball, location: 2F 3-2: SINGLE (Groundball, 34S, EV 66.2 MPH) (infield hit) Mike Savage scores
|
|
Batting: RHB Jonathan Sotelo
|
0-0: Ball 1-0: Ball 2-0: Fielders Choice at 2nd, U4 (Groundball, 4M, EV 76.9 MPH)
|
| Top of the 4th over - 1 run, 2 hits, 0 errors, 1 left on base; South Bend 1 - Wisconsin 0 |
| BOTTOM OF THE 4TH |
|
Wisconsin Timber Rattlers batting - Pitching for South Bend Cubs : RHP Miles Edwards
|
|
Batting: RHB Chris Fruit
|
0-0: Ball 1-0: Called Strike 1-1: Fly out, F7 (Flyball, 7D, EV 101.9 MPH)
|
|
Batting: RHB Nick Garland
|
0-0: SINGLE (Groundball, 4MD, EV 110.0 MPH)
|
|
Batting: RHB Josh Nelson
|
0-0: Called Strike 0-1: Ball 1-1: Foul Ball, location: 2F 1-2: Ball 2-2: Grounds into double play, 6-4-3 (Groundball, 6, EV 77.5 MPH)
|
| Bottom of the 4th over - 0 runs, 1 hit, 0 errors, 0 left on base; South Bend 1 - Wisconsin 0 |
| TOP OF THE 5TH |
|
South Bend Cubs batting - Pitching for Wisconsin Timber Rattlers : LHP Brian Rich
|
|
Batting: LHB Mark Huey
|
0-0: Called Strike 0-1: Swinging Strike 0-2: Strikes out swinging
|
|
Batting: RHB Denis Rachin
|
0-0: Foul Ball, location: 2F 0-1: Fly out, F8 (Flyball, 8RM, EV 93.8 MPH)
|
|
Batting: RHB Rich Thurman
|
0-0: Foul Ball, location: 2F 0-1: Ball 1-1: Ball 2-1: Swinging Strike 2-2: Ball 3-2: Foul Ball, location: 2F 3-2: Strikes out swinging
|
| Top of the 5th over - 0 runs, 0 hits, 0 errors, 0 left on base; South Bend 1 - Wisconsin 0 |
| BOTTOM OF THE 5TH |
|
Wisconsin Timber Rattlers batting - Pitching for South Bend Cubs : RHP Miles Edwards
|
|
Batting: LHB Paul Collins
|
0-0: Ball 1-0: Ball 2-0: Called Strike 2-1: Foul Ball, location: 2F 2-2: Foul Ball, location: 2F 2-2: Ground out 4-3 (Groundball, 4, EV 105.6 MPH)
|
|
Batting: RHB Ben Taylor
|
0-0: Ground out U3 (Groundball, 3L, EV 88.1 MPH)
|
|
Batting: SHB Craig Wright
|
0-0: Ball 1-0: Called Strike 1-1: Called Strike 1-2: Strikes out swinging
|
| Bottom of the 5th over - 0 runs, 0 hits, 0 errors, 0 left on base; South Bend 1 - Wisconsin 0 |
| TOP OF THE 6TH |
|
South Bend Cubs batting - Pitching for Wisconsin Timber Rattlers : LHP Brian Rich
|
|
Batting: RHB Puluke Konane
|
0-0: Ball 1-0: Foul Ball, location: 2F 1-1: Ball 2-1: Ball 3-1: SINGLE (Groundball, 13S, EV 70.0 MPH) (infield hit)
|
|
Batting: RHB Mike Savage
|
0-0: Called Strike 0-1: Ball 1-1: Ball Puluke Konane steals 2nd base (no throw) 2-1: Swinging Strike 2-2: Foul Ball, location: 2F 2-2: Strikes out swinging
|
|
Pitching: RHP Guillermo Delgado
|
|
|
Batting: RHB Leonardo Nava
|
0-0: Fly out, F7 (Flyball, 7D, EV 95.0 MPH) Runner from 2nd tags up, SAFE at 3rd, no throw by LF
|
|
Batting: LHB Kwang-chih Men
|
0-0: Ball 1-0: Called Strike 1-1: Ball 2-1: Ball 3-1: Base on Balls
|
|
Batting: RHB Armando Vilano
|
0-0: SINGLE (Groundball, 34D, EV 83.1 MPH) (infield hit) Puluke Konane scores Kwang-chih Men to second
|
|
Batting: RHB Jonathan Sotelo
|
0-0: Ground out 5-3 (Groundball, 56S, EV 66.9 MPH)
|
| Top of the 6th over - 1 run, 2 hits, 0 errors, 2 left on base; South Bend 2 - Wisconsin 0 |
| BOTTOM OF THE 6TH |
|
Wisconsin Timber Rattlers batting - Pitching for South Bend Cubs : RHP Miles Edwards
|
|
Batting: SHB Jerry Duffy
|
0-0: Ground out 4-3 (Groundball, 4, EV 82.5 MPH)
|
|
Batting: SHB Ramon Perez
|
0-0: Swinging Strike 0-1: Ball 1-1: Ground out 4-3 (Groundball, 34D, EV 98.8 MPH)
|
|
Batting: SHB Sam Bingham
|
0-0: Ball 1-0: Foul Ball, location: 2F 1-1: Ball 2-1: Called Strike 2-2: Ground out 4-3 (Groundball, 4, EV 85.0 MPH)
|
| Bottom of the 6th over - 0 runs, 0 hits, 0 errors, 0 left on base; South Bend 2 - Wisconsin 0 |
| TOP OF THE 7TH |
|
South Bend Cubs batting - Pitching for Wisconsin Timber Rattlers : RHP Guillermo Delgado
|
|
Batting: LHB Mark Huey
|
0-0: Ball 1-0: Ball 2-0: Fly out, F6 (Popup, P, EV 73.8 MPH)
|
|
Batting: RHB Denis Rachin
|
0-0: Ball 1-0: Ball 2-0: Foul Ball, location: 2F 2-1: Ground out 2-3 (Groundball, 15S, EV 75.0 MPH)
|
|
Batting: RHB Rich Thurman
|
0-0: Ball 1-0: Ball 2-0: Called Strike 2-1: Swinging Strike 2-2: Strikes out swinging
|
| Top of the 7th over - 0 runs, 0 hits, 0 errors, 0 left on base; South Bend 2 - Wisconsin 0 |
| BOTTOM OF THE 7TH |
|
Wisconsin Timber Rattlers batting - Pitching for South Bend Cubs : RHP Miles Edwards
|
|
Pitching: LHP Alex Gandarilla
|
|
|
Batting: RHB Chris Fruit
|
0-0: Ball 1-0: Ball 2-0: Called Strike 2-1: Swinging Strike 2-2: Ball 3-2: Strikes out looking
|
|
Batting: RHB Nick Garland
|
0-0: Fly out, F7 (Line Drive, 7LS, EV 86.9 MPH)
|
|
Pitching: RHP Jose Ramirez
|
|
|
Batting: RHB Josh Nelson
|
0-0: Foul Ball, location: 2F 0-1: Foul Ball, location: 2F 0-2: Ball 1-2: Fly out, F8 (Line Drive, 78M, EV 111.9 MPH)
|
| Bottom of the 7th over - 0 runs, 0 hits, 0 errors, 0 left on base; South Bend 2 - Wisconsin 0 |
| TOP OF THE 8TH |
|
South Bend Cubs batting - Pitching for Wisconsin Timber Rattlers : RHP Guillermo Delgado
|
|
Batting: RHB Puluke Konane
|
0-0: Ball 1-0: Foul Ball, location: 2F 1-1: Foul Ball, location: 2F 1-2: Foul Ball, location: 2F 1-2: Strikes out swinging
|
|
Batting: RHB Mike Savage
|
0-0: Ball 1-0: Ball 2-0: Called Strike 2-1: Ground out 5-3 (Groundball, 5S, EV 63.1 MPH)
|
|
Batting: RHB Leonardo Nava
|
0-0: Called Strike 0-1: Swinging Strike 0-2: Ball 1-2: Ball 2-2: Strikes out swinging
|
| Top of the 8th over - 0 runs, 0 hits, 0 errors, 0 left on base; South Bend 2 - Wisconsin 0 |
| BOTTOM OF THE 8TH |
|
Wisconsin Timber Rattlers batting - Pitching for South Bend Cubs : RHP Jose Ramirez
|
|
Batting: LHB Paul Collins
|
0-0: Ball 1-0: Ball 2-0: Called Strike 2-1: Foul Ball, location: 2F 2-2: Strikes out swinging
|
|
Batting: RHB Ben Taylor
|
0-0: Ball 1-0: Called Strike 1-1: SINGLE (Groundball, 3D, EV 95.6 MPH)
|
|
Batting: SHB Craig Wright
|
0-0: Called Strike 0-1: Ball 1-1: Ball 2-1: Grounds into double play, 6-4-3 (Groundball, 6, EV 84.4 MPH)
|
| Bottom of the 8th over - 0 runs, 1 hit, 0 errors, 0 left on base; South Bend 2 - Wisconsin 0 |
| TOP OF THE 9TH |
|
South Bend Cubs batting - Pitching for Wisconsin Timber Rattlers : RHP Guillermo Delgado
|
|
Pitching: LHP John Miller
|
|
|
Batting: LHB Kwang-chih Men
|
0-0: Called Strike 0-1: Ball 1-1: Fly out, F8 (Flyball, 89D, EV 101.2 MPH)
|
|
Batting: RHB Armando Vilano
|
0-0: Called Strike 0-1: Ball 1-1: Ball 2-1: SINGLE (Groundball, 4M, EV 96.9 MPH) (infield hit)
|
|
Batting: RHB Jonathan Sotelo
|
0-0: Fly out, F3 (Popup, 3F, EV 64.4 MPH)
|
|
Batting: LHB Mark Huey
|
0-0: Ball 1-0: Ball Armando Vilano is caught stealing 2nd base 2-6
|
| Top of the 9th over - 0 runs, 1 hit, 0 errors, 0 left on base; South Bend 2 - Wisconsin 0 |
| BOTTOM OF THE 9TH |
|
Wisconsin Timber Rattlers batting - Pitching for South Bend Cubs : RHP Jose Ramirez
|
|
Batting: SHB Jerry Duffy
|
0-0: Ball 1-0: Ground out U3 (Groundball, 3, EV 101.9 MPH)
|
|
Batting: SHB Ramon Perez
|
0-0: Ball 1-0: Swinging Strike 1-1: Swinging Strike 1-2: Foul Ball, location: 2F 1-2: Ground out 5-3 (Groundball, 6, EV 88.8 MPH)
|
|
Batting: SHB Sam Bingham
|
0-0: Ball 1-0: Ground out U3 (Groundball, 3L, EV 88.1 MPH)
|
| Bottom of the 9th over - 0 runs, 0 hits, 0 errors, 0 left on base; South Bend 2 - Wisconsin 0 |
|